 Dungeon Crawl Stone Soup version 0.30-a0-937-ga0a21ad780 (webtiles) character file.

Game seed: 13242996926712851658

28 Ghostmaker01 the Digger (level 2, -4/20 HPs)
             Began as a Demigod Earth Elementalist on Mar 24, 2023.
             Slain by Terence
             ... wielding a +0 short sword
              (7 damage)
             ... on level 2 of the Dungeon.
             The game lasted 00:02:45 (852 turns).

Ghostmaker01 the Digger (Demigod Earth Elementalist) Turns: 852, Time: 00:02:46

Health: -4/20      AC:  3    Str:  9    XL:     2   Next: 78%
Magic:  2/7        EV: 12    Int: 17    God:
Gold:   77         SH:  0    Dex: 14    Spells: 4/5 levels left

rFire   . . .      SeeInvis .    e - +0 dagger
rCold   . . .      Faith    .    (no shield)
rNeg    . . .      Spirit   .    a - +0 robe
rPois   .          Reflect  .    (no helmet)
rElec   .          Rampage  .    (no cloak)
rCorr   .                        (no gloves)
Will    .....                    c - +0 pair of boots
Stlth   ++                       (no amulet)
HPRegen 0.23/turn                (no ring)
MPRegen 0.10/turn                (no ring)

@: no status effects
A: high MP 1, forlorn, divine attributes
a: no special abilities


You were on level 2 of the Dungeon.
You visited 1 branch of the dungeon, and saw 2 of its levels.

You collected 77 gold pieces.

Inventory:

Hand Weapons
 e - a +0 dagger (weapon)
Armour
 a - a +0 robe (worn)
 c - a +0 pair of boots (worn)
Jewellery
 h - a ring of protection from cold
Scrolls
 d - 3 scrolls of teleportation {unknown}
 f - a scroll of identify {unknown}
 k - a scroll of amnesia {unknown}
 m - a scroll of brand weapon {unknown}
Potions
 b - a potion of magic
 g - a potion of lignification {unknown}
 i - 2 potions of curing {unknown}
 j - 2 potions of heal wounds {unknown}
 l - a potion of berserk rage {unknown}


   Skills:
 + Level 0.1 Fighting
 + Level 0.6 Short Blades
 + Level 1.9 Dodging
 + Level 2.0 Stealth
 + Level 2.1 Spellcasting
 + Level 0.8 Transmutations
 + Level 3.1 Earth Magic


You had 4 spell levels left.
You knew the following spells:

 Your Spells              Type           Power      Damage    Failure   Level
a - Sandblast             Erth           24%        2d8       5%          1

Your spell library contained the following spells:

 Spells                   Type           Power      Damage    Failure   Level
 Passwall                 Tmut/Erth      6%         N/A       13%         2
 Stone Arrow              Conj/Erth      14%        3d7       30%         3
 Petrify                  Tmut/Erth      8%         N/A       63%         4


Dungeon Overview and Level Annotations

Branches:
Dungeon (2/15)

Annotations:
D:2 Terence


Innate Abilities, Weirdness & Mutations

You have an increased reservoir of magic. (+10% MP)
You shall have no god before yourself.
Your divine heritage dramatically boosts your attributes as you level up.


Message History

Aiming: Sandblast (safe; 5% risk of failure)
Press: ? - help, Shift-Dir - straight line, f/p - Terence
Aim: Terence, wielding a +0 short sword and wearing a +0 scale mail (lightly wounded, 84% to hit)
You miscast Sandblast.
You are very lightly contaminated with residual magic.
Nothing appears to happen.
Terence hits you with a +0 short sword.
Casting: Sandblast (safe; 5% risk of failure)
Confirm with . or Enter, or press ? or * to list all spells.
Aiming: Sandblast (safe; 5% risk of failure)
Press: ? - help, Shift-Dir - straight line, f/p - Terence
Aim: Terence, wielding a +0 short sword and wearing a +0 scale mail (lightly wounded, 84% to hit)
The blast of sand hits Terence but does no damage.
Terence is lightly wounded.
Terence hits you but does no damage. Terence hits you with a +0 short sword.
Casting: Sandblast (safe; 5% risk of failure)
Confirm with . or Enter, or press ? or * to list all spells.
Aiming: Sandblast (safe; 5% risk of failure)
Press: ? - help, Shift-Dir - straight line, f/p - Terence
Aim: Terence, wielding a +0 short sword and wearing a +0 scale mail (lightly wounded, 84% to hit)
The blast of sand hits Terence but does no damage.
Terence is lightly wounded.
Terence misses you.
Casting: Sandblast (safe; 5% risk of failure)
Confirm with . or Enter, or press ? or * to list all spells.
Aiming: Sandblast (safe; 5% risk of failure)
Press: ? - help, Shift-Dir - straight line, f/p - Terence
Aim: Terence, wielding a +0 short sword and wearing a +0 scale mail (lightly wounded, 84% to hit)
The blast of sand hits Terence but does no damage.
Terence is lightly wounded.
Terence hits you with a +0 short sword.
* * * LOW HITPOINT WARNING * * *
Terence hits you with a +0 short sword.
* * * LOW HITPOINT WARNING * * *
Unknown command.
Terence attacks as you move away! Terence misses you.
Your magical contamination has completely faded away.
Terence attacks as you move away! Terence closely misses you.
Terence says, "Rest in peace."
Terence attacks as you move away! Terence hits you with a +0 short sword!
You die...

######.#.# #.........
#.#####.## #.# #.# #.#
#.# #.# #.# ...########
#.# #.# ..........##
#.# #.# #@...# #.#
###.# #. #@...# #.#
#...# ~~####8..8# #.#
#.### ≈~~~~#8..8## #.#
#.# ≈≈≈≈~~~..~.###.#
#.# ~≈≈≈≈≈≈..~~~##.#
#.#
~~~~≈≈≈..≈≈~~~~###># #
.#.~~~~..≈≈≈≈≈~~~~~####
....##~..~~≈≈≈≈≈≈≈~~~~~


You could see Terence.

Vanquished Creatures
  3 dart slugs (D:1)
  A ball python (D:1)
  An endoplasm (D:1)
  A giant cockroach (D:2)
  3 goblins (D:1)
  2 quokkas (D:1)
  2 bats (D:1)
  2 frilled lizards
  5 kobolds
  2 rats (D:1)
22 creatures vanquished.

Notes
Turn   | Place    | Note
-------+----------+-------------------------------------------
     0 | D:1      | Ghostmaker01 the Demigod Earth Elementalist began the quest
                  | for the Orb.
     0 | D:1      | Reached XP level 1. HP: 14/14 MP: 5/5
    70 | D:1      | Reached skill level 3 in Earth Magic
   165 | D:1      | Reached XP level 2. HP: 18/20 MP: 1/7
   822 | D:2      | Noticed Terence
   842 | D:2      | HP: 1/20 [Terence/+0 short sword (4)]
   852 | D:2      | Slain by Terence

Illustrated notes

Levels and vault maps discovered:
D:1:      amcnicky_arrival_choice, layout_rooms
D:2:      wander_river, layout_loops_ring, nrook_campfire,
          wad_floor_pattern_untrapped, uniq_terence, uniq_natasha

Skill      XL: |  1  2 |
---------------+-------+-----
Earth Magic    | 3 |  3.1
Stealth        | 2 |  2.0
Spellcasting   | 2 |  2.1
Fighting       | |  0.1
Short Blades   | |  0.6
Dodging        | |  1.9
Transmutations | |  0.8

Action                     || total
---------------------------++-------
  Melee: Dagger            ||    22
   Cast: Sandblast         ||    36
 Armour: Robe              ||    13
  Dodge: Dodged            ||    17

Table legend: (Time is in decaauts)
 A = Elapsed time spent in this place.
 B = Non-inter-level travel time spent in this place.
 C = Inter-level travel time spent in this place.
 D = Time resting spent in this place.
 E = Time spent auto-exploring this place.
 F = Levels seen in this place.
 G = Mean time per level.
                   A        B        C        D        E       F      G
               +--------+--------+--------+--------+--------+-----+--------+
         Total |    880 |    868 |     12 |      0 |    649 |   2 |  440.0 |
       Dungeon |    880 |    868 |     12 |      0 |    649 |   2 |  440.0 |
               +--------+--------+--------+--------+--------+-----+--------+

Top non-repeatable levels by time:
     D:1: 709 daAuts
     D:2: 171 daAuts
